 Dungeon Crawl Stone Soup version 0.28-a0-938-gbc3f381ebc (webtiles) character file.

Game seed: 9364197354437446128

2050 bande the Chopper (level 9, -5/55 HPs)
             Began as a Gargoyle Fighter on Nov 28, 2021.
             Slain by a slime creature (8 damage)
             ... on level 5 of the Dungeon.
             The game lasted 00:10:49 (7333 turns).

bande the Chopper (Gargoyle Fighter)                Turns: 7333, Time: 00:10:50

Health: -5/55      AC: 19    Str: 21      XL:     9   Next: 25%
Magic:  9/9        EV:  8    Int:  9      God:
Gold:   310        SH:  4    Dex:  8 (9)  Spells: 8/8 levels left

rFire   . . .      SeeInvis .   a - +1 war axe
rCold   . . .      Faith    .   c - +0 buckler
rNeg    + . .      Spirit   .   p - +0 chain mail
rPois   ∞          Reflect  .   z - +0 helmet
rElec   +          Harm     .   (no cloak)
rCorr   .          Rampage  .   (no gloves)
Will    .....                   u - +0 pair of boots
Stlth   ..........              (no amulet)
HPRegen 0.18/turn               (no ring)
MPRegen 0.11/turn               (no ring)

@: flying
A: sickness immunity, AC +6, negative energy resistance 1, electricity
resistance, torment resistance 1, petrification resistance, big wings, talons 1,
clumsy 1, deterioration 1
a: no special abilities


You were on level 5 of the Dungeon.
You visited 1 branch of the dungeon, and saw 5 of its levels.
You also visited: Ossuary.

You collected 310 gold pieces.

Inventory:

Hand Weapons
 a - a +1 war axe (weapon)
 o - a +0 flail
 q - a +0 war axe
Armour
 c - a +0 buckler (worn)
 p - a +0 chain mail (worn)
 u - a +0 pair of boots (worn)
 z - a +0 helmet (worn)
Jewellery
 b - an amulet of magic regeneration
 e - a ring of positive energy
 j - a ring of flight
Wands
 m - a wand of flame (22)
Scrolls
 k - 2 scrolls of teleportation
 v - a scroll of fog
 w - a scroll of amnesia
 y - a scroll of enchant weapon
Potions
 d - a potion of curing
 f - a potion of cancellation
 g - 2 potions of brilliance
 h - a potion of attraction {unknown}
 i - 2 potions of berserk rage
 l - a potion of haste
 r - a potion of might
 s - a potion of ambrosia {unknown}
 t - a potion of resistance {unknown}


   Skills:
 + Level 6.0 Fighting
 + Level 7.5 Axes
 + Level 6.0 Armour
 + Level 4.8 Shields
 * Level 4.1 Evocations


You had 8 spell levels left.
You didn't know any spells.
Your spell library contained the following spells:

 Spells                   Type           Power      Damage    Failure   Level
 Magic Dart               Conj           0%         1d3       97%         1
 Searing Ray              Conj           0%         2d4       99%         2
 Fulminant Prism          Conj/Hex       0%         3d6       100%        4
 Passage of Golubria      Tloc           0%         N/A       100%        4
 Silence                  Hex/Air        0%         N/A       100%        5
 Lehudib's Crystal Spear  Conj/Erth      0%         10d2      100%        8


Dungeon Overview and Level Annotations

Branches:
Dungeon (5/15)            Ossuary (visited)
 Temple: D:4-7

Altars:

Shops:
D:3 (


Innate Abilities, Weirdness & Mutations

You are immune to sickness and miasma.
Your stone body is resilient. (AC +6)
You are immune to poison.
You resist negative energy. (rN+)
You are resistant to electric shocks. (rElec)
You are resistant to unholy torment.
You are immune to petrification.
Your large and strong wings let you fly.
You have sharp toenails.
You are clumsy. (Dex -2)
Your body sometimes deteriorates upon taking damage.


Message History

The slime creature hits you!
Your body deteriorates!
You feel clumsy.
You barely miss the slime creature.
The slime creature is moderately wounded.
The slime creature hits you but does no damage.
You slash the slime creature!
The slime creature is heavily wounded.
The slime creature hits you.
You slash the slime creature!
The slime creature is heavily wounded.
The slime creature hits you!
You hit the slime creature.
The slime creature is heavily wounded.
The slime creature hits you. The slime creature hits you!
* * * LOW HITPOINT WARNING * * *
You are too injured to fight recklessly!
You are too injured to fight recklessly!
You are too injured to fight recklessly!
You are too injured to fight recklessly!
You are too injured to fight recklessly!
You are too injured to fight recklessly!
You are too injured to fight recklessly!
There is an open door here.
You slash the slime creature!
The slime creature is heavily wounded.
The slime creature hits you.
* * * LOW HITPOINT WARNING * * *
You slash the slime creature!
The slime creature is severely wounded.
The slime creature hits you.
* * * LOW HITPOINT WARNING * * *
There is an open door here.
You hit the slime creature.
The slime creature is severely wounded.
The slime creature hits you.
* * * LOW HITPOINT WARNING * * *
You slash the slime creature!
The slime creature is almost dead.
The slime creature hits you!
You die...

....##.......##...#
....###(()..###...#
# ....#
##.(.####...# #
##'#####'('###...##
#
....#.......##...##
....'........#....#
....#........#....#
....#........#....#
....#........'.J@.#
....#........#....#
....###'##..##..###
####
.........########
#... .........#
#... .........#
#... .........#
#... .........#
#... .........#
#...


You could see a slime creature.

Vanquished Creatures
  A slime creature (D:4)
  Sigmund (D:2)
  A necrophage (D:5)
  A phantom (D:5)
  3 elf zombies (Ossuary)
  6 kobold brigands (D:5)
  A water moccasin zombie (D:4)
  A scorpion (D:5)
  A water moccasin skeleton (D:4)
  2 bullfrog zombies (D:4)
  2 human zombies (Ossuary)
  2 jellies (D:4)
  A hound (D:5)
  2 centaur zombies (Ossuary)
  A bullfrog skeleton (D:4)
  Terence (D:2)
  2 iguanas
  An orc wizard (D:3)
  Natasha (thrice) (D:2)
  A killer bee zombie (D:5)
  A hound zombie (D:4)
  A hound skeleton (D:4)
  2 mummies (Ossuary)
  A howler monkey skeleton (D:4)
  6 adders
  8 adder zombies
  2 adder skeletons (D:4)
  A worm (D:4)
  A dart slug (D:4)
  10 orcs
  7 ball pythons
  13 endoplasms
  2 giant cockroaches (D:3)
  6 goblins
  3 hobgoblins
  2 jackals (D:2)
  3 bats (D:3)
  4 frilled lizards
  A goblin zombie (Ossuary)
  7 hobgoblin zombies (Ossuary)
  A jackal skeleton (D:4)
  A jackal zombie (Ossuary)
  11 kobolds
  13 kobold zombies (Ossuary)
  4 orc zombies (Ossuary)
  A quokka skeleton (D:4)
  3 rats
  A rat zombie (Ossuary)
150 creatures vanquished.

Vanquished Creatures (others)
  9 fungi (D:5)
  6 toadstools (D:5)
  A withered plant (D:4)
16 creatures vanquished.

Grand Total: 166 creatures vanquished

Notes
Turn   | Place    | Note
-------+----------+-------------------------------------------
     0 | D:1      | bande the Gargoyle Fighter began the quest for the Orb.
     0 | D:1      | Reached XP level 1. HP: 14/14 MP: 1/1
   646 | D:1      | Reached XP level 2. HP: 11/19 MP: 2/2
  1601 | D:2      | Reached XP level 3. HP: 23/23 MP: 3/3
  1642 | D:2      | Reached skill level 2 in Axes
  1692 | D:2      | Noticed Sigmund
  1699 | D:2      | HP: 1/24 [Sigmund (11)]
  1703 | D:2      | Killed Sigmund
  1704 | D:2      | Reached skill level 3 in Axes
  1704 | D:2      | Reached XP level 4. HP: 7/29 MP: 4/4
  1704 | D:2      | Reached XP level 5. HP: 8/33 MP: 5/5
  1969 | D:2      | Noticed Terence
  1988 | D:2      | Killed Terence
  1989 | D:2      | Reached XP level 6. HP: 26/38 MP: 6/6
  2407 | D:2      | Noticed Natasha
  2414 | D:2      | Killed Natasha
  2427 | D:2      | Noticed Natasha
  2433 | D:2      | Killed Natasha
  2434 | D:2      | Reached skill level 4 in Axes
  2572 | D:2      | Noticed Natasha
  2582 | D:2      | Killed Natasha
  3035 | D:3      | Gained mutation: Your large and strong wings let you fly.
                  | [potion of mutation]
  3035 | D:3      | Gained mutation: You are clumsy. (Dex -2) [potion of
                  | mutation]
  3035 | D:3      | Gained mutation: Your body sometimes deteriorates upon
                  | taking damage. [potion of mutation]
  3035 | D:3      | Gained mutation: You have sharp toenails. [potion of
                  | mutation]
  3107 | D:3      | Found Gorhuor's Antique Weapon Shoppe.
  3805 | D:4      | Reached skill level 1 in Evocations
  3805 | D:4      | Reached XP level 7. HP: 28/44 MP: 7/7
  3932 | D:4      | Reached skill level 5 in Armour
  4133 | D:4      | Reached skill level 5 in Axes
  4371 | D:4      | Found a sand-covered staircase.
  4384 | Ossuary  | Entered an ossuary
  4891 | Ossuary  | Reached skill level 5 in Fighting
  4924 | Ossuary  | Reached XP level 8. HP: 43/49 MP: 8/8
  5069 | D:4      | Reached skill level 6 in Axes
  5320 | D:5      | Entered Level 5 of the Dungeon
  5907 | D:5      | Reached skill level 7 in Axes
  5907 | D:5      | Reached XP level 9. HP: 17/55 MP: 9/9
  7332 | D:5      | HP: 2/55 [slime creature (4)]
  7333 | D:5      | Slain by a slime creature

Illustrated notes

Levels and vault maps discovered:
D:1:      shiori_shiawase, layout_loops_ring
D:2:      layout_loops_ring, minmay_misc_feat_plants, grunt_decor_junction,
          uniq_terence, uniq_sigmund, uniq_natasha
D:3:      layout_basic, serial_shops, nicolae_shop_window_shopping
D:4:      layout_rooms, nicolae_ossuary_entry_ruins, serial_undead,
          serial_undead_d, serial_undead_a, serial_undead_f, serial_undead_d,
          serial_undead_a, serial_undead_a
D:5:      cheibrodos_fertilizer, layout_gridville

Skill      XL: |  1  2  3  4  5  6  7  8  9 |
---------------+----------------------------+-----
Axes           | 3 4 5 7 |  7.5
Shields        | 4 |  4.8
Fighting       | 4 5 6 |  6.0
Armour         | 4 5 6 |  6.0
Evocations     | 1 2 3 4 |  4.1

Action                   |  1- 3 |  4- 6 |  7- 9 || total
-------------------------+-------+-------+-------++-------
Melee: War axe           |    77 |   131 |   324 ||   532
       Kick              |       |    11 |    64 ||    75
  Use: Potion            |     2 |     1 |     3 ||     6
       Scroll            |       |     7 |     4 ||    11
Armor: Scale mail        |    38 |    27 |       ||    65
       Chain mail        |       |    63 |   214 ||   277
Dodge: Dodged            |    26 |    61 |   119 ||   206
Block: Buckler           |    19 |    24 |    62 ||   105

Table legend: (Time is in decaauts)
 A = Elapsed time spent in this place.
 B = Non-inter-level travel time spent in this place.
 C = Inter-level travel time spent in this place.
 D = Time resting spent in this place.
 E = Time spent auto-exploring this place.
 F = Levels seen in this place.
 G = Mean time per level.
                   A        B        C        D        E       F      G
               +--------+--------+--------+--------+--------+-----+--------+
         Total |   7473 |   7383 |     90 |   2681 |   3392 |   6 | 1245.5 |
       Dungeon |   6790 |   6700 |     90 |   2392 |   3252 |   5 | 1358.0 |
       Ossuary |    683 |    683 |      0 |    289 |    140 |   1 |  683.0 |
               +--------+--------+--------+--------+--------+-----+--------+

Top non-repeatable levels by time:
     D:1: 1501 daAuts
     D:4: 1500 daAuts
     D:5: 1438 daAuts
     D:2: 1404 daAuts
     D:3: 945 daAuts
 Ossuary: 683 daAuts
